Map: Catalyst LE

Players

iGiA (iAsonu) - Winner!

  • Race: Zerg Zerg
  • League: Diamond
  • Spawn Location: 11:00

HuT

  • Race: Terran Terran
  • Spawn Location: 5:00

Event: WESG 2017 Haikou

VOD

Have the link to the VOD?

Description

Time

  • Played on: March 13, 2018, 6:02 a.m.
  • Length: 6:39

All games in this series

Show
View Real Time Build Order
Export as new Build Order

iGiA Zerg - Winner!

Build Orders: Pool First 

Get SALT Encoding   

  12  0:01  Drone  
  13  0:12  Overlord  
  13  0:17  Drone  
  14  0:31  Drone x2  
  16  0:36  Drone  
  17  0:45  Spawning Pool  
  17  0:48  Drone  
  17  1:08  Hatchery  
  17  1:11  Drone  
  17  1:14  Extractor  
  17  1:15  Drone  
  17  1:19  Drone  
  18  1:31  Queen  
  20  1:33  Zergling x2  
  22  1:40  Drone  
  22  1:49  Overlord  
  22  1:55  Roach Warren  
  22  2:00  Drone  
  22  2:10  Queen  
  22  2:14  Drone  
  25  2:35  Roach  
  25  2:36  Roach x3  
  33  2:39  Overlord  
  33  2:46  Drone x2  
  33  2:50  Overlord  
  35  2:56  Ravager  
  35  2:59  Queen  
  35  3:03  Drone  
  38  3:07  Drone  
  38  3:10  Drone  
  38  3:11  Drone  
  41  3:14  Ravager  
  41  3:19  Drone x2  
  44  3:21  Drone  
  44  3:24  Drone  
  46  3:29  Overlord  
  46  3:33  Drone  
  47  3:41  Spore Crawler  
  47  3:42  Drone  
  47  3:44  Drone  
  47  3:47  Drone x2  
  51  3:50  Drone  
  51  3:51  Drone x4  
  56  3:57  Overlord  
  56  4:00  Drone  
  56  4:02  Metabolic Boost  
  57  4:03  Extractor  
  57  4:09  Overlord  
  56  4:12  Extractor  
  55  4:20  Drone x2  
  55  4:23  Hatchery, Roach  
  58  4:34  Roach x2  
  58  4:35  Roach x2  
  66  4:43  Overlord  
  66  4:54  Roach  
  66  4:56  Overlord x3  
  68  5:06  Overlord  
  68  5:07  Overlord  
  68  5:10  Overlord  
  68  5:13  Spore Crawler  
  67  5:15  Zergling x10  
  67  5:17  Ravager x4  
  67  5:19  Zergling x2  
  67  5:20  Zergling x2  
  78  5:25  Hatchery  
  78  5:26  Ravager  
  78  5:29  Zergling x4  
  78  5:34  Zergling x4  
  82  5:41  Zergling x8  
  86  5:47  Zergling x2  
  82  5:59  Ravager x2  
  82  6:01  Zergling x4  
  82  6:12  Zergling x2  
  82  6:13  Zergling x12  
Show
View Real Time Build Order
Export as new Build Order

HuT Terran 

Build Orders: Gas First Reaper Expand, Reaper Expand 

Get SALT Encoding   

  12  0:00  SCV  
  13  0:12  SCV  
  14  0:17  Supply Depot  
  14  0:25  SCV  
  14  0:28  Refinery  
  15  0:38  SCV  
  16  0:44  Barracks  
  16  0:50  SCV  
  17  1:02  SCV  
  18  1:14  SCV  
  19  1:31  Orbital Command, Reaper  
  20  1:43  Command Center  
  20  1:53  Factory  
  20  1:57  SCV  
  21  2:07  Barracks Reactor  
  21  2:08  Supply Depot  
  21  2:10  SCV  
  21  2:15  Refinery  
  22  2:23  SCV  
  23  2:35  SCV  
  24  2:48  Hellion x2  
  24  2:49  Starport  
  28  2:51  SCV  
  29  3:04  SCV  
  29  3:05  Barracks Tech Lab  
  30  3:12  Hellion x2  
  34  3:13  Orbital Command  
  34  3:16  SCV  
  35  3:25  Viking  
  37  3:30  SCV  
  38  3:34  Cyclone  
  38  3:36  Marauder  
  43  3:48  Concussive Shells  
  39  3:52  Supply Depot  
  39  3:53  Supply Depot  
  39  3:54  SCV x2  
  40  4:14  SCV, Cyclone  
  45  4:21  Marauder  
  46  4:25  Supply Depot  
  46  4:32  Supply Depot  
  46  4:39  Command Center  
  46  4:46  SCV x2  
  48  4:56  Marine  
  48  4:58  SCV x2  
  51  5:00  Barracks  
  51  5:10  SCV x2  
  51  5:11  Factory Tech Lab, Starport Reactor  
  51  5:13  Barracks  
  53  5:19  Marine  
  54  5:22  SCV x2  
  56  5:30  Siege Tank  
  56  5:34  Bunker  
  56  5:35  SCV x2  
  61  5:38  Liberator  
  61  5:39  Marine  
  61  5:42  Supply Depot  
  62  5:47  SCV x2  
  62  5:48  Marine x2  
  54  5:59  SCV  
  54  6:00  Marine x2  
  55  6:06  Marine x2  
  54  6:18  Marine x2  
Tags
 
Add a new tag
Caveats
  • Supply blocks, unpowered buildings, or Contaminate may cause inaccurate times.
  • Supply counts are checked every 10 seconds.